Pick #1

Connor Bedard
Pick #2

Leo Carlsson
Pick #3

Adam Fantilli
Pick #4

Matvei Michkov
Pick #5

David Reinbacher
Pick #6

William Smith
Pick #7

Zachary Benson
Pick #8

Ryan Leonard
Pick #9

Gabriel Perreault
Pick #10

Axel Sandin-Pellika
Pick #11

Daniil But
Pick #12

Dalibor Dvorsky
Pick #13

Quentin Musty
Pick #14

Brayden Yager
Pick #15

Dmitry Simashev
Pick #16

Colby Barlow
Pick #17

Andrew Cristall
Pick #18

Easton Cowan
Pick #19

Jacob Fowler
Pick #20

Oliver Moore
Pick #21

Oliver Bonk
Pick #22

Tom Willander
Pick #23

Calum Ritchie
Pick #24

Tanner Molendyk
Pick #25

Gavin Brindley
Pick #26

Nate Danielson
Pick #27

Pick #28

Pick #29

Pick #30

Pick #31

Pick #32

Pick #33

Pick #34

Pick #35

Pick #36

Pick #37

Pick #38

Pick #39

Pick #40

Pick #41

Pick #42

Pick #43

Pick #44

Pick #45

Pick #46

Pick #47

Pick #48

Pick #49

Pick #50

Pick #51

Pick #52

Pick #53

Pick #54

Pick #55

Pick #56

Pick #57

Pick #58

Pick #59

Pick #60

Pick #61

Pick #62

Pick #63

Pick #64

Pick #65

Pick #66

Pick #67

Pick #68

Pick #69

Pick #70

Pick #71

Pick #72

Pick #73

Pick #74

Pick #75

Pick #76

Pick #77

Pick #78

Pick #79

Pick #80

Pick #81

Pick #82

Pick #83

Pick #84

Pick #85

Pick #86

Pick #87

Pick #88

Pick #89

Pick #90

Pick #91

Pick #92

Pick #93

Pick #94

Pick #95

Pick #96

Pick #97

Pick #98

Pick #99

Pick #100

Pick #101

Pick #102

Pick #103

Pick #104

Pick #105

Pick #106

Pick #107

Pick #108

Pick #109

Pick #110

Pick #111

Pick #112

Pick #113

Pick #114

Pick #115

Pick #116

Pick #117

Pick #118

Pick #119

Pick #120

Pick #121

Pick #122

Pick #123

Pick #124

Pick #125

Pick #126

Pick #127

Pick #128

Pick #129

Pick #130

Full Scoreboard »»

Senators vs Canadiens

Created - February 1, 2024 at 22:56

Goals
1 2 3 T
Senators 0 1 1 2
Canadiens 0 0 0 0
Shots
1 2 3 T
Senators 5 12 8 25
Canadiens 4 17 10 31

GoalsPenalties
1st period
No Goal
Pierre-Olivier Joseph (MTL) for Roughing (Minor) at 0:18
Erik Johnson (OTT) for Tripping (Minor) at 3:58
Jake Walman (OTT) for Boarding (Minor) at 7:24
Valeri Nichushkin (MTL) for Hooking (Minor) at 12:03
Noah Hanifin (OTT) for Holding (Minor) at 12:03
2nd period
1. Senators , Matty Beniers 11 (Scott Laughton 23, Brock McGinn 7) at 12:29
Noah Hanifin (OTT) for Roughing (Minor) at 0:43
Brock McGinn (OTT) for Goalie Interference (Minor) at 14:46
3rd period
2. Senators , Brock McGinn 8 (Matty Beniers 15, Scott Laughton 24) at 7:49 (PP)
Brendan Gaunce (MTL) for Tripping (Minor) at 6:01
Goalie Stats
Semyon Varlamov (OTT), 31 saves from 31 shots - (1.000), W, 17-7-2, 60:00 minutes
Kaapo Kahkonen (MTL), 23 saves from 25 shots - (0.920), L, 15-4-8, 60:00 minutes
3 StarsOfficial
1 - Semyon Varlamov (OTT)
2 - Matty Beniers (OTT)
3 - Scott Laughton (OTT)
Referees : Corey Syvret and Dean Morton
Linesman : Vaughan Rody and Brendan Lewis
Game Note
No Game Note
Finance
Level 1 -- Attendance: 6199 (95.37%) -- Ticket Income $743,880
Level 2 -- Attendance: 4591 (91.82%) -- Ticket Income $390,235
Level 3 -- Attendance: 3357 (95.91%) -- Ticket Income $218,205
Level 4 -- Attendance: 2915 (55.14%) -- Ticket Income $58,300
Luxury Box -- Attendance: 916 (91.60%) -- Ticket Income $201,520
Game was played at the Bell Centre.
Total Attendance: 17978 (84.46%)
Total Ticket Income: $1,612,140
Other Income: $403,035
Total Income: $2,015,175



Team Name Goals Shots Shots Attemp Shots Blocked PIM HIT PP PK FO%
Senators 22547810201 / 2 (50%)051%
Canadiens 0315866250 / 4 (0%)149%

Senators
Player Name POS G A P +/- PIM HIT SHT SB MP PP MP PP SHT PK MP PK SHT FO% FOT
Adam LowryC0000031012:130:0000:0000% 0
Andrew CoppC0000002015:440:0002:40055% 11
Anthony CirelliC0000015012:130:0000:0000% 0
Brock McGinnLW1121201019:061:4010:0000% 0
Christian DvorakC0001010112:060:0000:0000% 0
Erik JohnsonD0000221120:321:4002:4900% 0
Jake WalmanD0001210114:350:0001:3400% 0
Joel Eriksson EkC0000023225:092:0705:16052% 29
K'Andre MillerD0000031122:191:4004:3510% 0
Luke GlendeningC000000000:000:0000:0000% 0
Matty BeniersC1121014019:071:4000:000100% 1
Nikita KucherovRW0000002025:092:0715:16060% 10
Noah HanifinD0000401024:082:0702:5200% 0
Pius SuterC000000000:000:0000:0000% 0
Rasmus AnderssonD0000030226:162:0704:0200% 0
Sam GagnerC000000000:050:0000:0000% 0
Scott LaughtonC0221032022:331:4002:40045% 20
Tomas TatarLW0000002018:452:0700:0000% 1
Canadiens
Player Name POS G A P +/- PIM HIT SHT SB MP PP MP PP SHT PK MP PK SHT FO% FOT
Alex GoligoskiD0000040225:153:5502:0600% 0
Alexander KerfootC0000012014:260:0002:36025% 4
Anthony ManthaRW000000106:560:0000:0000% 0
Artturi LehkonenLW0000040019:014:0101:1100% 1
Brendan GallagherRW000000106:560:0000:0000% 0
Brendan GaunceC000021306:550:0000:00050% 10
Daniel SprongRW0000022011:500:0000:0000% 0
Derrick PouliotD0000000011:330:0600:0000% 0
Filip ForsbergLW000-1022018:333:5500:0000% 0
Jaccob SlavinD000-1003123:373:5512:0600% 0
Lars EllerC0000021013:010:0001:11070% 10
Leon DraisaitlC0000008118:544:0110:00046% 24
Pierre-Olivier JosephD000-1212021:303:5500:0000% 0
Ryan O'ReillyC000-1011018:523:5500:19056% 18
Ryan SuterD0000031123:383:5501:4100% 0
Teuvo TeravainenLW0000012018:544:0110:000100% 1
Trevor van RiemsdykD0000011014:260:0601:4100% 0
Valeri NichushkinRW000-1221119:543:5512:1700% 4



Play-by-Play

1st period


0:01 of 1st period - Joel Eriksson Ek wins face-off versus Leon Draisaitl in neutral zone.
0:01 of 1st period - Joel Eriksson Ek is hit by Artturi Lehkonen.
0:09 of 1st period - Shot by Nikita Kucherov.
0:09 of 1st period - Shot Blocked by Jaccob Slavin.
0:18 of 1st period - Minor Penalty to Pierre-Olivier Joseph for Roughing.
0:19 of 1st period - Scott Laughton wins face-off versus Alexander Kerfoot in Canadiens zone.
1:17 of 1st period - Shot by Rasmus Andersson.
1:17 of 1st period - Shot Misses the Net.
1:31 of 1st period - Shot by Nikita Kucherov.
1:31 of 1st period - Stopped by Kaapo Kahkonen without a rebound.
1:32 of 1st period - Lars Eller wins face-off versus Joel Eriksson Ek in Canadiens zone.
2:24 of 1st period - Pierre-Olivier Joseph is hit by Adam Lowry.
2:30 of 1st period - Jaccob Slavin is hit by Anthony Cirelli.
3:02 of 1st period - Shot by Andrew Copp.
3:02 of 1st period - Stopped by Kaapo Kahkonen with a rebound.
3:15 of 1st period - Brendan Gaunce is hit by Erik Johnson and loses puck.
3:37 of 1st period - Shot by Scott Laughton.
3:37 of 1st period - Shot Hit the Post.
3:45 of 1st period - Shot by Matty Beniers.
3:45 of 1st period - Shot Blocked by Alex Goligoski.
3:58 of 1st period - Minor Penalty to Erik Johnson for Tripping.
3:59 of 1st period - Leon Draisaitl wins face-off versus Nikita Kucherov in Senators zone.
4:00 of 1st period - Shot by Ryan Suter.
4:00 of 1st period - Deflect By Leon Draisaitl.
4:00 of 1st period - Shot Blocked by Rasmus Andersson.
4:47 of 1st period - Joel Eriksson Ek is hit by Alex Goligoski and loses puck.
4:55 of 1st period - Icing by Leon Draisaitl.
4:56 of 1st period - Leon Draisaitl wins face-off versus Scott Laughton in Canadiens zone.
5:58 of 1st period - Leon Draisaitl is hit by Rasmus Andersson and loses puck.
6:48 of 1st period - Alex Goligoski is hit by Adam Lowry and loses puck.
7:24 of 1st period - Minor Penalty to Jake Walman for Boarding.
7:25 of 1st period - Nikita Kucherov wins face-off versus Valeri Nichushkin in Senators zone.
7:25 of 1st period - Nikita Kucherov is hit by Valeri Nichushkin.
7:59 of 1st period - Shot by Jaccob Slavin.
7:59 of 1st period - Stopped by Semyon Varlamov with a rebound.
8:58 of 1st period - Icing by Valeri Nichushkin.
8:59 of 1st period - Nikita Kucherov wins face-off versus Valeri Nichushkin in Canadiens zone.
10:58 of 1st period - Shot by Joel Eriksson Ek.
10:58 of 1st period - Stopped by Kaapo Kahkonen without a rebound.
10:59 of 1st period - Scott Laughton wins face-off versus Leon Draisaitl in Canadiens zone.
11:26 of 1st period - Shot by Scott Laughton.
11:26 of 1st period - Shot Misses the Net.
12:03 of 1st period - Minor Penalty to Valeri Nichushkin for Hooking.
12:03 of 1st period - Minor Penalty to Noah Hanifin for Holding.
12:04 of 1st period - Ryan O'Reilly wins face-off versus Nikita Kucherov in Senators zone.
12:09 of 1st period - Shot by Filip Forsberg.
12:09 of 1st period - Deflect By Ryan O'Reilly.
12:09 of 1st period - Shot Misses the Net.
12:11 of 1st period - Shot by Pierre-Olivier Joseph.
12:11 of 1st period - Shot Misses the Net.
12:15 of 1st period - Shot by Filip Forsberg.
12:15 of 1st period - Stopped by Semyon Varlamov without a rebound.
12:16 of 1st period - Ryan O'Reilly wins face-off versus Nikita Kucherov in Senators zone.
12:19 of 1st period - Shot by Ryan O'Reilly.
12:19 of 1st period - Shot Misses the Net.
12:45 of 1st period - Joel Eriksson Ek is hit by Filip Forsberg and loses puck.
13:01 of 1st period - Icing by Rasmus Andersson.
13:02 of 1st period - Nikita Kucherov wins face-off versus Leon Draisaitl in Senators zone.
13:58 of 1st period - Scott Laughton is hit by Alex Goligoski and loses puck.
14:07 of 1st period - Shot by Daniel Sprong.
14:07 of 1st period - Stopped by Semyon Varlamov without a rebound.
14:08 of 1st period - Ryan O'Reilly wins face-off versus Scott Laughton in Senators zone.
14:23 of 1st period - Shot by Matty Beniers.
14:23 of 1st period - Shot Misses the Net.
17:04 of 1st period - Brendan Gaunce is hit by Christian Dvorak and loses puck.
17:14 of 1st period - Anthony Mantha is hit by Jake Walman and loses puck.
17:19 of 1st period - Shot by Anthony Mantha.
17:19 of 1st period - Shot Misses the Net.
17:21 of 1st period - Shot by Pierre-Olivier Joseph.
17:21 of 1st period - Stopped by Semyon Varlamov without a rebound.
17:22 of 1st period - Andrew Copp wins face-off versus Ryan O'Reilly in Senators zone.
17:26 of 1st period - Jake Walman is hit by Valeri Nichushkin and loses puck.
17:30 of 1st period - Jake Walman is hit by Filip Forsberg and loses puck.
17:41 of 1st period - Shot by Andrew Copp.
17:41 of 1st period - Shot Misses the Net.
17:43 of 1st period - Shot by Anthony Cirelli.
17:43 of 1st period - Stopped by Kaapo Kahkonen without a rebound.
17:44 of 1st period - Joel Eriksson Ek wins face-off versus Lars Eller in Canadiens zone.
17:59 of 1st period - Shot by Alexander Kerfoot.
17:59 of 1st period - Shot Misses the Net.
19:40 of 1st period - Shot by Matty Beniers.
19:40 of 1st period - Stopped by Kaapo Kahkonen with a rebound.
19:55 of 1st period - Icing by Noah Hanifin.
19:56 of 1st period - Brendan Gaunce wins face-off versus Scott Laughton in Senators zone.
19:59 of 1st period - Shot by Anthony Mantha.
19:59 of 1st period - Shot Misses the Net.
Goals for this period are 0 for Senators vs 0 for Canadiens.
Shots for this period are 5 for Senators vs 4 for Canadiens.

2nd period


0:01 of 2nd period - Joel Eriksson Ek wins face-off versus Leon Draisaitl in neutral zone.
0:03 of 2nd period - Rasmus Andersson is hit by Ryan Suter and loses puck.
0:11 of 2nd period - Nikita Kucherov is hit by Ryan Suter and loses puck.
0:23 of 2nd period - Nikita Kucherov is hit by Alex Goligoski and loses puck.
0:43 of 2nd period - Minor Penalty to Noah Hanifin for Roughing.
0:44 of 2nd period - Scott Laughton wins face-off versus Ryan O'Reilly in Senators zone.
0:57 of 2nd period - Shot by Pierre-Olivier Joseph.
0:57 of 2nd period - Shot Blocked by Joel Eriksson Ek.
0:59 of 2nd period - Shot by Jaccob Slavin.
0:59 of 2nd period - Shot Misses the Net.
1:01 of 2nd period - Shot by Ryan O'Reilly.
1:01 of 2nd period - Deflect By Filip Forsberg.
1:01 of 2nd period - Shot Misses the Net.
1:03 of 2nd period - Shot by Jaccob Slavin.
1:03 of 2nd period - Deflect By Valeri Nichushkin.
1:03 of 2nd period - Stopped by Semyon Varlamov without a rebound.
1:04 of 2nd period - Ryan O'Reilly wins face-off versus Scott Laughton in Senators zone.
1:04 of 2nd period - Jaccob Slavin is hit by K'Andre Miller and loses puck.
1:08 of 2nd period - Valeri Nichushkin is hit by K'Andre Miller.
1:15 of 2nd period - Icing by Ryan O'Reilly.
1:16 of 2nd period - Nikita Kucherov wins face-off versus Ryan O'Reilly in Canadiens zone.
1:16 of 2nd period - Rasmus Andersson is hit by Pierre-Olivier Joseph and loses puck.
1:23 of 2nd period - Shot by K'Andre Miller.
1:23 of 2nd period - Stopped by Kaapo Kahkonen without a rebound.
1:24 of 2nd period - Nikita Kucherov wins face-off versus Leon Draisaitl in Canadiens zone.
1:24 of 2nd period - Rasmus Andersson is hit by Ryan Suter.
1:52 of 2nd period - Shot by Teuvo Teravainen.
1:52 of 2nd period - Stopped by Semyon Varlamov with a rebound.
2:47 of 2nd period - Shot by Daniel Sprong.
2:47 of 2nd period - Shot Blocked by Christian Dvorak.
3:03 of 2nd period - Scott Laughton is hit by Trevor van Riemsdyk and loses puck.
3:21 of 2nd period - Jake Walman is hit by Daniel Sprong and loses puck.
3:34 of 2nd period - Lars Eller is hit by Adam Lowry and loses puck.
3:57 of 2nd period - Shot by Adam Lowry.
3:57 of 2nd period - Stopped by Kaapo Kahkonen without a rebound.
3:58 of 2nd period - Joel Eriksson Ek wins face-off versus Ryan O'Reilly in Canadiens zone.
3:59 of 2nd period - Shot by Nikita Kucherov.
3:59 of 2nd period - Stopped by Kaapo Kahkonen without a rebound.
4:00 of 2nd period - Ryan O'Reilly wins face-off versus Joel Eriksson Ek in Canadiens zone.
4:41 of 2nd period - Shot by Nikita Kucherov.
4:41 of 2nd period - Shot Misses the Net.
4:53 of 2nd period - Shot by Andrew Copp.
4:53 of 2nd period - Shot Blocked by Valeri Nichushkin.
6:00 of 2nd period - Shot by Scott Laughton.
6:00 of 2nd period - Stopped by Kaapo Kahkonen without a rebound.
6:01 of 2nd period - Joel Eriksson Ek wins face-off versus Leon Draisaitl in Canadiens zone.
6:10 of 2nd period - Shot by Leon Draisaitl.
6:10 of 2nd period - Stopped by Semyon Varlamov without a rebound.
6:11 of 2nd period - Scott Laughton wins face-off versus Leon Draisaitl in Senators zone.
6:11 of 2nd period - Brock McGinn is hit by Teuvo Teravainen and loses puck.
7:19 of 2nd period - Off-side.
7:20 of 2nd period - Joel Eriksson Ek wins face-off versus Lars Eller in neutral zone.
7:39 of 2nd period - Shot by Daniel Sprong.
7:39 of 2nd period - Shot Misses the Net.
7:41 of 2nd period - Shot by Derrick Pouliot.
7:41 of 2nd period - Shot Blocked by Rasmus Andersson.
7:45 of 2nd period - Shot by Daniel Sprong.
7:45 of 2nd period - Stopped by Semyon Varlamov without a rebound.
7:46 of 2nd period - Andrew Copp wins face-off versus Brendan Gaunce in Senators zone.
8:01 of 2nd period - Shot by Brendan Gaunce.
8:01 of 2nd period - Stopped by Semyon Varlamov without a rebound.
8:02 of 2nd period - Leon Draisaitl wins face-off versus Joel Eriksson Ek in Senators zone.
8:07 of 2nd period - Shot by Artturi Lehkonen.
8:07 of 2nd period - Shot Misses the Net.
8:26 of 2nd period - Shot by Joel Eriksson Ek.
8:26 of 2nd period - Stopped by Kaapo Kahkonen without a rebound.
8:27 of 2nd period - Andrew Copp wins face-off versus Valeri Nichushkin in Canadiens zone.
8:40 of 2nd period - Shot by Anthony Cirelli.
8:40 of 2nd period - Stopped by Kaapo Kahkonen without a rebound.
8:41 of 2nd period - Teuvo Teravainen wins face-off versus Joel Eriksson Ek in Canadiens zone.
9:00 of 2nd period - Shot by Tomas Tatar.
9:00 of 2nd period - Stopped by Kaapo Kahkonen without a rebound.
9:01 of 2nd period - Ryan O'Reilly wins face-off versus Scott Laughton in Canadiens zone.
9:01 of 2nd period - Ryan O'Reilly is hit by Scott Laughton.
9:07 of 2nd period - Valeri Nichushkin is hit by Scott Laughton and loses puck.
9:21 of 2nd period - Valeri Nichushkin is hit by Erik Johnson.
9:45 of 2nd period - Shot by Brock McGinn.
9:45 of 2nd period - Shot Misses the Net.
10:04 of 2nd period - Leon Draisaitl is hit by K'Andre Miller and loses puck.
10:23 of 2nd period - Shot by Leon Draisaitl.
10:23 of 2nd period - Stopped by Semyon Varlamov without a rebound.
10:24 of 2nd period - Lars Eller wins face-off versus Joel Eriksson Ek in Senators zone.
10:31 of 2nd period - Shot by Lars Eller.
10:31 of 2nd period - Stopped by Semyon Varlamov without a rebound.
10:32 of 2nd period - Lars Eller wins face-off versus Joel Eriksson Ek in Senators zone.
11:51 of 2nd period - Icing by Artturi Lehkonen.
11:52 of 2nd period - Leon Draisaitl wins face-off versus Andrew Copp in Canadiens zone.
12:05 of 2nd period - Shot by Leon Draisaitl.
12:05 of 2nd period - Stopped by Semyon Varlamov with a rebound.
12:07 of 2nd period - Shot by Jaccob Slavin.
12:07 of 2nd period - Stopped by Semyon Varlamov without a rebound.
12:08 of 2nd period - Ryan O'Reilly wins face-off versus Scott Laughton in Senators zone.
12:27 of 2nd period - Shot by Scott Laughton.
12:27 of 2nd period - Shot Misses the Net.
12:29 of 2nd period - Shot by Matty Beniers.
12:29 of 2nd period - Goal by Matty Beniers - Senators : 1 - Canadiens : 0.
12:30 of 2nd period - Joel Eriksson Ek wins face-off versus Leon Draisaitl in neutral zone.
13:37 of 2nd period - Shot by Scott Laughton.
13:37 of 2nd period - Shot Misses the Net.
13:39 of 2nd period - Shot by Erik Johnson.
13:39 of 2nd period - Stopped by Kaapo Kahkonen without a rebound.
13:40 of 2nd period - Andrew Copp wins face-off versus Brendan Gaunce in Canadiens zone.
14:02 of 2nd period - Shot by Brendan Gallagher.
14:02 of 2nd period - Stopped by Semyon Varlamov with a rebound.
14:04 of 2nd period - Shot by Trevor van Riemsdyk.
14:04 of 2nd period - Stopped by Semyon Varlamov without a rebound.
14:05 of 2nd period - Ryan O'Reilly wins face-off versus Scott Laughton in Senators zone.
14:16 of 2nd period - Shot by Ryan O'Reilly.
14:16 of 2nd period - Shot Misses the Net.
14:22 of 2nd period - Shot by Ryan O'Reilly.
14:22 of 2nd period - Shot Blocked by Erik Johnson.
14:46 of 2nd period - Minor Penalty to Brock McGinn for Goalie Interference.
14:47 of 2nd period - Nikita Kucherov wins face-off versus Artturi Lehkonen in Senators zone.
15:04 of 2nd period - Shot by Leon Draisaitl.
15:04 of 2nd period - Stopped by Semyon Varlamov without a rebound.
15:05 of 2nd period - Leon Draisaitl wins face-off versus Nikita Kucherov in Senators zone.
16:32 of 2nd period - Shot by Filip Forsberg.
16:32 of 2nd period - Shot Blocked by K'Andre Miller.
16:46 of 2nd period - Scott Laughton is hit by Daniel Sprong and loses puck.
17:11 of 2nd period - Shot by Andrew Copp.
17:11 of 2nd period - Stopped by Kaapo Kahkonen without a rebound.
17:12 of 2nd period - Scott Laughton wins face-off versus Brendan Gaunce in Canadiens zone.
17:15 of 2nd period - Shot by Matty Beniers.
17:15 of 2nd period - Deflect By Scott Laughton.
17:15 of 2nd period - Stopped by Kaapo Kahkonen with a rebound.
17:25 of 2nd period - Shot by Anthony Mantha.
17:25 of 2nd period - Shot Misses the Net.
17:27 of 2nd period - Shot by Ryan Suter.
17:27 of 2nd period - Deflect By Brendan Gaunce.
17:27 of 2nd period - Stopped by Semyon Varlamov with a rebound.
17:29 of 2nd period - Shot by Alex Goligoski.
17:29 of 2nd period - Shot Misses the Net.
17:31 of 2nd period - Shot by Brendan Gaunce.
17:31 of 2nd period - Shot Misses the Net.
17:33 of 2nd period - Shot by Ryan Suter.
17:33 of 2nd period - Stopped by Semyon Varlamov without a rebound.
17:34 of 2nd period - Leon Draisaitl wins face-off versus Joel Eriksson Ek in Senators zone.
17:52 of 2nd period - Shot by Leon Draisaitl.
17:52 of 2nd period - Stopped by Semyon Varlamov with a rebound.
17:54 of 2nd period - Shot by Leon Draisaitl.
17:54 of 2nd period - Shot Misses the Net.
17:56 of 2nd period - Shot by Jaccob Slavin.
17:56 of 2nd period - Stopped by Semyon Varlamov without a rebound.
17:57 of 2nd period - Ryan O'Reilly wins face-off versus Scott Laughton in Senators zone.
18:02 of 2nd period - Shot by Ryan O'Reilly.
18:02 of 2nd period - Stopped by Semyon Varlamov without a rebound.
18:03 of 2nd period - Scott Laughton wins face-off versus Ryan O'Reilly in Senators zone.
18:10 of 2nd period - Shot by Noah Hanifin.
18:10 of 2nd period - Stopped by Kaapo Kahkonen without a rebound.
18:11 of 2nd period - Leon Draisaitl wins face-off versus Tomas Tatar in Canadiens zone.
18:33 of 2nd period - Icing by Joel Eriksson Ek.
18:34 of 2nd period - Ryan O'Reilly wins face-off versus Joel Eriksson Ek in Senators zone.
18:58 of 2nd period - Icing by Rasmus Andersson.
18:59 of 2nd period - Joel Eriksson Ek wins face-off versus Leon Draisaitl in Senators zone.
19:52 of 2nd period - Icing by Artturi Lehkonen.
19:53 of 2nd period - Scott Laughton wins face-off versus Leon Draisaitl in Canadiens zone.
Goals for this period are 1 for Senators vs 0 for Canadiens.
Shots for this period are 12 for Senators vs 17 for Canadiens.

3rd period


0:01 of 3rd period - Joel Eriksson Ek wins face-off versus Valeri Nichushkin in neutral zone.
0:54 of 3rd period - Brock McGinn is hit by Ryan O'Reilly and loses puck.
1:04 of 3rd period - Matty Beniers is hit by Artturi Lehkonen and loses puck.
1:09 of 3rd period - K'Andre Miller is hit by Artturi Lehkonen and loses puck.
1:18 of 3rd period - Shot by Teuvo Teravainen.
1:18 of 3rd period - Stopped by Semyon Varlamov with a rebound.
1:20 of 3rd period - Shot by Teuvo Teravainen.
1:20 of 3rd period - Shot Misses the Net.
1:39 of 3rd period - Icing by Pierre-Olivier Joseph.
1:40 of 3rd period - Leon Draisaitl wins face-off versus Andrew Copp in Canadiens zone.
2:17 of 3rd period - Shot by Andrew Copp.
2:17 of 3rd period - Deflect By Anthony Cirelli.
2:17 of 3rd period - Stopped by Kaapo Kahkonen without a rebound.
2:18 of 3rd period - Brendan Gaunce wins face-off versus Joel Eriksson Ek in Canadiens zone.
2:18 of 3rd period - Alex Goligoski is hit by Joel Eriksson Ek and loses puck.
2:35 of 3rd period - Shot by Brendan Gaunce.
2:35 of 3rd period - Stopped by Semyon Varlamov without a rebound.
2:36 of 3rd period - Scott Laughton wins face-off versus Ryan O'Reilly in Senators zone.
2:45 of 3rd period - Trevor van Riemsdyk is hit by Matty Beniers.
2:48 of 3rd period - Filip Forsberg is hit by Scott Laughton and loses puck.
4:23 of 3rd period - Icing by Anthony Cirelli.
4:24 of 3rd period - Andrew Copp wins face-off versus Leon Draisaitl in Senators zone.
5:17 of 3rd period - Scott Laughton is hit by Artturi Lehkonen and loses puck.
5:46 of 3rd period - Shot by Daniel Sprong.
5:46 of 3rd period - Deflect By Alexander Kerfoot.
5:46 of 3rd period - Stopped by Semyon Varlamov without a rebound.
5:47 of 3rd period - Brendan Gaunce wins face-off versus Joel Eriksson Ek in Senators zone.
5:52 of 3rd period - Shot by Anthony Mantha.
5:52 of 3rd period - Stopped by Semyon Varlamov with a rebound.
5:54 of 3rd period - Shot by Pierre-Olivier Joseph.
5:54 of 3rd period - Stopped by Semyon Varlamov without a rebound.
5:55 of 3rd period - Joel Eriksson Ek wins face-off versus Brendan Gaunce in Senators zone.
5:55 of 3rd period - Rasmus Andersson is hit by Brendan Gaunce and loses puck.
6:01 of 3rd period - Minor Penalty to Brendan Gaunce for Tripping.
6:02 of 3rd period - Joel Eriksson Ek wins face-off versus Alexander Kerfoot in Canadiens zone.
6:03 of 3rd period - Shot by Noah Hanifin.
6:03 of 3rd period - Shot Misses the Net.
6:12 of 3rd period - Nikita Kucherov is hit by Alex Goligoski and loses puck.
6:19 of 3rd period - Shot by Joel Eriksson Ek.
6:19 of 3rd period - Shot Misses the Net.
6:33 of 3rd period - Noah Hanifin is hit by Alexander Kerfoot and loses puck.
6:59 of 3rd period - Off-side.
7:00 of 3rd period - Matty Beniers wins face-off versus Alexander Kerfoot in neutral zone.
7:21 of 3rd period - Icing by K'Andre Miller.
7:22 of 3rd period - Alexander Kerfoot wins face-off versus Scott Laughton in Senators zone.
7:47 of 3rd period - Shot by Scott Laughton.
7:47 of 3rd period - Deflect By Matty Beniers.
7:47 of 3rd period - Shot Misses the Net.
7:49 of 3rd period - Shot by Brock McGinn.
7:49 of 3rd period - Goal by Brock McGinn - Senators : 2 - Canadiens : 0.
7:50 of 3rd period - Leon Draisaitl wins face-off versus Andrew Copp in neutral zone.
8:00 of 3rd period - Shot by Leon Draisaitl.
8:00 of 3rd period - Shot Blocked by Jake Walman.
8:04 of 3rd period - Shot by Leon Draisaitl.
8:04 of 3rd period - Shot Misses the Net.
8:20 of 3rd period - Shot by Leon Draisaitl.
8:20 of 3rd period - Stopped by Semyon Varlamov without a rebound.
8:21 of 3rd period - Brendan Gaunce wins face-off versus Joel Eriksson Ek in Senators zone.
9:26 of 3rd period - Shot by Matty Beniers.
9:26 of 3rd period - Stopped by Kaapo Kahkonen with a rebound.
9:28 of 3rd period - Shot by Brock McGinn.
9:28 of 3rd period - Shot Blocked by Ryan Suter.
9:30 of 3rd period - Shot by Matty Beniers.
9:30 of 3rd period - Shot Misses the Net.
10:48 of 3rd period - Shot by Alexander Kerfoot.
10:48 of 3rd period - Stopped by Semyon Varlamov without a rebound.
10:49 of 3rd period - Leon Draisaitl wins face-off versus Joel Eriksson Ek in Senators zone.
10:49 of 3rd period - Leon Draisaitl is hit by Rasmus Andersson.
10:55 of 3rd period - Shot by Artturi Lehkonen.
10:55 of 3rd period - Deflect By Leon Draisaitl.
10:55 of 3rd period - Stopped by Semyon Varlamov without a rebound.
10:56 of 3rd period - Joel Eriksson Ek wins face-off versus Leon Draisaitl in Senators zone.
11:13 of 3rd period - Shot by Joel Eriksson Ek.
11:13 of 3rd period - Stopped by Kaapo Kahkonen without a rebound.
11:14 of 3rd period - Lars Eller wins face-off versus Andrew Copp in Canadiens zone.
11:19 of 3rd period - Andrew Copp is hit by Lars Eller and loses puck.
12:28 of 3rd period - Shot by Nikita Kucherov.
12:28 of 3rd period - Shot Misses the Net.
12:43 of 3rd period - Jaccob Slavin is hit by Joel Eriksson Ek.
13:30 of 3rd period - Shot by Matty Beniers.
13:30 of 3rd period - Stopped by Kaapo Kahkonen without a rebound.
13:31 of 3rd period - Brendan Gaunce wins face-off versus Scott Laughton in Canadiens zone.
14:05 of 3rd period - Shot by Matty Beniers.
14:05 of 3rd period - Shot Misses the Net.
14:12 of 3rd period - Icing by Brendan Gaunce.
14:13 of 3rd period - Andrew Copp wins face-off versus Brendan Gaunce in Canadiens zone.
14:14 of 3rd period - Shot by Anthony Cirelli.
14:14 of 3rd period - Stopped by Kaapo Kahkonen with a rebound.
14:58 of 3rd period - Shot by Leon Draisaitl.
14:58 of 3rd period - Stopped by Semyon Varlamov without a rebound.
14:59 of 3rd period - Joel Eriksson Ek wins face-off versus Leon Draisaitl in Senators zone.
15:22 of 3rd period - Shot by Nikita Kucherov.
15:22 of 3rd period - Shot Blocked by Leon Draisaitl.
15:38 of 3rd period - Shot by Tomas Tatar.
15:38 of 3rd period - Stopped by Kaapo Kahkonen without a rebound.
15:39 of 3rd period - Scott Laughton wins face-off versus Ryan O'Reilly in Canadiens zone.
16:27 of 3rd period - Off-side.
16:28 of 3rd period - Lars Eller wins face-off versus Joel Eriksson Ek in neutral zone.
16:36 of 3rd period - Icing by Noah Hanifin.
16:37 of 3rd period - Lars Eller wins face-off versus Joel Eriksson Ek in Senators zone.
16:42 of 3rd period - Shot by Daniel Sprong.
16:42 of 3rd period - Shot Blocked by Joel Eriksson Ek.
16:54 of 3rd period - Icing by Alexander Kerfoot.
16:55 of 3rd period - Lars Eller wins face-off versus Andrew Copp in Canadiens zone.
17:18 of 3rd period - Shot by Andrew Copp.
17:18 of 3rd period - Deflect By Anthony Cirelli.
17:18 of 3rd period - Shot Blocked by Alex Goligoski.
17:20 of 3rd period - Shot by Anthony Cirelli.
17:20 of 3rd period - Stopped by Kaapo Kahkonen without a rebound.
17:21 of 3rd period - Joel Eriksson Ek wins face-off versus Ryan O'Reilly in Canadiens zone.
17:39 of 3rd period - Ryan O'Reilly is hit by Rasmus Andersson and loses puck.
17:44 of 3rd period - Shot by Ryan O'Reilly.
17:44 of 3rd period - Deflect By Filip Forsberg.
17:44 of 3rd period - Stopped by Semyon Varlamov without a rebound.
17:45 of 3rd period - Leon Draisaitl wins face-off versus Scott Laughton in Senators zone.
17:54 of 3rd period - Shot by Leon Draisaitl.
17:54 of 3rd period - Shot Misses the Net.
18:51 of 3rd period - Icing by Jaccob Slavin.
18:52 of 3rd period - Joel Eriksson Ek wins face-off versus Lars Eller in Canadiens zone.
18:59 of 3rd period - Shot by Tomas Tatar.
18:59 of 3rd period - Shot Misses the Net.
19:11 of 3rd period - Joel Eriksson Ek is hit by Lars Eller.
19:19 of 3rd period - Shot by Alexander Kerfoot.
19:19 of 3rd period - Shot Misses the Net.
Goals for this period are 1 for Senators vs 0 for Canadiens.
Shots for this period are 8 for Senators vs 10 for Canadiens.